 Dungeon Crawl Stone Soup version 0.31-a0-879-g1609e0ac53 (webtiles) character file.

Game seed: 1860044806393896109

8 Flugkiller the Vexing (level 2, -1/16 HPs)
             Began as a Deep Elf Hexslinger on Oct 14, 2023.
             Slain by a quokka (4 damage)
             ... on level 1 of the Dungeon.
             The game lasted 00:01:36 (209 turns).

Flugkiller the Vexing (Deep Elf Hexslinger)          Turns: 209, Time: 00:01:36

Health: -1/16      AC:  2    Str:  5    XL:     2   Next: 0%
Magic:  6/6        EV: 13    Int: 17    God:
Gold:   38         SH:  0    Dex: 17    Spells: 2/4 levels left

rFire   . . .        a - +1 sling
rCold   . . .        (no shield)
rNeg    . . .        c - +0 robe
rPois   .            (no helmet)
rElec   .            (no cloak)
rCorr   .            (no gloves)
SInv    .            (no boots)
Will    .....        (no amulet)
Stlth   ++           (no ring)
HPRegen 0.22/turn    (no ring)
MPRegen 0.10/turn

%: no passive effects
@: no status effects
A: no striking features
a: no special abilities


You were on level 1 of the Dungeon.
You visited 1 branch of the dungeon, and saw 1 of its levels.

You collected 38 gold pieces.

Inventory:

Hand Weapons
 a - a +1 sling (weapon)
Armour
 c - a +0 robe (worn)
Scrolls
 b - a scroll of poison
 d - a scroll of immolation {unknown}
 f - a scroll of enchant armour {unknown}
Potions
 e - a potion of curing {unknown}


   Skills:
 + Level 1.2 Fighting
 + Level 3.2 Ranged Weapons
 - Level 2.4 Dodging
 - Level 1.5 Spellcasting
 - Level 4.0 Hexes
 - Level 1.1 Fire Magic


You had 2 spell levels left.
You knew the following spells:

 Your Spells              Type           Power      Damage    Failure   Level
a - Jinxbite              Hex            28%        N/A       6%          2

Your spell library contained the following spells:

 Spells                   Type           Power      Damage    Failure   Level
 Sigil of Binding         Hex            14%        N/A       12%         3
 Inner Flame              Hex/Fire       9%         N/A       22%         3
 Cause Fear               Hex            7%         N/A       36%         4
 Dimensional Bullseye     Hex/Tloc       4%         N/A       65%         4


Dungeon Overview and Level Annotations

Branches:
Dungeon (1/15) Zot: 5783

Altars:


Message History

You now have 38 gold pieces (gained 19).
A bat comes into view.
You shoot a sling bullet. The sling bullet hits the bat.
The bat is severely wounded.
The bat completely misses you. The bat hits you but does no damage.
You shoot a sling bullet. The sling bullet hits the bat.
You kill the bat!
You have reached level 2!
You start memorising the spell.
You continue memorising. x2
You finish memorising.
Spell assigned to 'a'.
Unknown command.
You see here a bat corpse.
A quokka comes into view.
Casting: Jinxbite (safe; 6% risk of failure)
Confirm with . or Enter, or press ? or * to list all spells.
You don't know that spell.
Unknown command.
No target in view!
No target in view!
No target in view!
You shoot a sling bullet. The sling bullet misses the quokka.
The quokka completely misses you.
You shoot a sling bullet.
The sling bullet closely misses the quokka.
The quokka bites you.
You shoot a sling bullet.
The sling bullet hits the quokka but does no damage.
The quokka bites you. The quokka closely misses you.
You shoot a sling bullet.
The sling bullet hits the quokka but does no damage.
The quokka misses you.
You shoot a sling bullet.
The sling bullet barely misses the quokka.
The quokka misses you. The quokka bites you.
You shoot a sling bullet. The sling bullet hits the quokka.
The quokka is lightly wounded.
The quokka misses you. The quokka bites you.
You are too injured to fight recklessly!
You are too injured to fight recklessly!
Fire: a) +1 sling
Press: ? - help, Q - select action, (/) - cycle Shift-Dir - straight line, f/p - quokka
Aim: a quokka (lightly wounded, 48% to hit)
You shoot a sling bullet.
The sling bullet hits the quokka but does no damage.
The quokka is lightly wounded.
The quokka closely misses you.
Fire: a) +1 sling
Press: ? - help, Q - select action, (/) - cycle Shift-Dir - straight line, f/p - quokka
Aim: a quokka (lightly wounded, 48% to hit)
You shoot a sling bullet.
The sling bullet closely misses the quokka.
The quokka barely misses you.
Fire: a) +1 sling
Press: ? - help, Q - select action, (/) - cycle Shift-Dir - straight line, f/p - quokka
Aim: a quokka (lightly wounded, 48% to hit)
You shoot a sling bullet. The sling bullet hits the quokka.
The quokka is heavily wounded.
The quokka bites you. The quokka barely misses you.
Fire: a) +1 sling
Press: ? - help, Q - select action, (/) - cycle Shift-Dir - straight line, f/p - quokka
Aim: a quokka (heavily wounded, 48% to hit)
You shoot a sling bullet.
The sling bullet barely misses the quokka.
The quokka bites you.
* * * LOW HITPOINT WARNING * * *
The quokka bites you.
* * * LOW HITPOINT WARNING * * *
Fire: a) +1 sling
Press: ? - help, Q - select action, (/) - cycle Shift-Dir - straight line, f/p - quokka
Aim: a quokka (heavily wounded, 48% to hit)
You shoot a sling bullet.
The sling bullet closely misses the quokka.
The quokka misses you.
Okay, then.
Okay, then.
Okay, then.
Fire: a) +1 sling
Press: ? - help, Q - select action, (/) - cycle Shift-Dir - straight line, f/p - quokka
Aim: a quokka (heavily wounded, 48% to hit)
You shoot a sling bullet.
The sling bullet closely misses the quokka.
The quokka closely misses you. The quokka barely misses you.
Fire: a) +1 sling
Press: ? - help, Q - select action, (/) - cycle Shift-Dir - straight line, f/p - quokka
Aim: a quokka (heavily wounded, 48% to hit)
You shoot a sling bullet. The sling bullet misses the quokka.
The quokka misses you.
Fire: a) +1 sling
Press: ? - help, Q - select action, (/) - cycle Shift-Dir - straight line, f/p - quokka
Aim: a quokka (heavily wounded, 48% to hit)
You shoot a sling bullet.
The sling bullet closely misses the quokka.
The quokka closely misses you.
Fire: a) +1 sling
Press: ? - help, Q - select action, (/) - cycle Shift-Dir - straight line, f/p - quokka
Aim: a quokka (heavily wounded, 48% to hit)
You shoot a sling bullet.
The sling bullet barely misses the quokka.
The quokka barely misses you. The quokka bites you.
You die...

######.#
#.#.#.#...#.#.#..#
## #.#
..#.#.......#.#..#
.# #..
..#...........#..#
.########...
.....#.......#
........ #.
###......# ...#####
#. #...######
.....#### ##. #.###
##.#....######..##.#
#..###.........@..#
##....# #####.r...#
# ####.# #.##..# #
#.# #.. #### ## #.#
#. .# #.# #.
.#####.#### .
..........#..
#...........#


You could see a quokka.

Vanquished Creatures
  A dart slug (D:1)
  2 bats (D:1)
  2 hobgoblins (D:1)
  A ball python (D:1)
6 creatures vanquished.

Notes
Turn   | Place    | Note
-------+----------+-------------------------------------------
     0 | D:1      | Flugkiller the Deep Elf Hexslinger began the quest for the
                  | Orb.
     0 | D:1      | Reached XP level 1. HP: 11/11 MP: 5/5
   105 | D:1      | Reached skill level 1 in Fighting
   173 | D:1      | Reached XP level 2. HP: 16/16 MP: 6/6
   176 | D:1      | Learned a level 2 spell: Jinxbite
   209 | D:1      | Slain by a quokka

Illustrated notes

Levels and vault maps discovered:
D:1:      heliophobic_arrival_ceremonial_halls, layout_rooms,
          minmay_misc_feat_more_columns

Skill      XL: |  1 |
---------------+----+-----
Fighting       | 1 |  1.2
Ranged Weapons | 3 |  3.2
Dodging        | |  2.4
Spellcasting   | |  1.5
Hexes          | |  4.0
Fire Magic     | |  1.1

Action                     || total
---------------------------++-------
   Fire: Sling             ||    28
 Armour: Robe              ||    10
  Dodge: Dodged            ||    18

Table legend: (Time is in decaauts)
 A = Elapsed time spent in this place.
 B = Non-inter-level travel time spent in this place.
 C = Inter-level travel time spent in this place.
 D = Time resting spent in this place.
 E = Time spent auto-exploring this place.
 F = Levels seen in this place.
 G = Mean time per level.
                   A        B        C        D        E       F      G
               +--------+--------+--------+--------+--------+-----+--------+
         Total |    215 |    215 |      0 |      0 |    153 |   1 |  215.0 |
       Dungeon |    215 |    215 |      0 |      0 |    153 |   1 |  215.0 |
               +--------+--------+--------+--------+--------+-----+--------+

Top non-repeatable levels by time:
     D:1: 215 daAuts
